AoeStats
← _vishi_
◆

Rage Forest 2026

509942383Analyzed
4v4 RM · 3d ago on Sep 28, 2026· 54m 2s· 8 players
Game mode
Random Map
Map size
Large (8 player)
Population
200
Speed
Normal
Resources
Standard
Victory
Conquest
Starting age
Dark Age
Ending age
Dark Age
RankedLock teamsTeams togetherTeam positionsShared explorationLock speedFull tech treeHidden civsTurbo modeCheats
Victory
Defeat
🇨🇿 Portuguese · Czechia
1438
+15
🇺🇸 Georgians · United States
1356
+18
🇳🇴 Gurjaras · Norway
1249
+22
🇳🇴 Magyars · Norway
1213
+24
🇩🇪 Vikings · Germany
1414
-20
🇮🇳 Teutons · India
1410
-20
🇩🇪 Malians · Germany
1401
-20
🇧🇷 Romans · Brazil
1374
-19
Horagalles
8:51 Loom
10:37 Feudal Age
15:23 Castle Age
13:58 Double-Bit Axe
17:20 Scale Barding Armor
26:25 Wheelbarrow
26:02 Bow Saw
25:37 Horse Collar
32:00 Imperial Age
29:42 Gold Mining
29:43 Stone Mining
29:49 Stone Mining
30:01 Heavy Plow
29:50 Town Watch
29:58 Fletching
30:09 Padded Archer Armor
30:30 Ballistics
31:08 Bloodlines
31:29 Corvinian Army
31:53 Hand Cart
33:04 Chain Barding Armor
32:45 Bodkin Arrow
33:50 Conscription
34:01 Elite Magyar Huszar
35:52 Parthian Tactics
35:33 Thumb Ring
36:03 Bracer
39:44 Plate Barding Armor
39:26 Leather Archer Armor
40:20 Caravan
41:07 Heavy Cavalry Archer
42:23 Ring Archer Armor
44:39 Two-Man Saw
45:51 Light Cavalry
46:32 Husbandry
48:29 Chemistry
47:35 Siege Engineers
47:53 Hussar
49:01 Onager
Basse
0:46 Loom
10:08 Feudal Age
11:02 Double-Bit Axe
14:31 Fletching
19:37 Castle Age
20:52 Bodkin Arrow
23:06 Bow Saw
30:23 Imperial Age
28:38 Scale Barding Armor
29:22 Horse Collar
29:59 Bloodlines
30:21 Chain Barding Armor
31:10 Light Cavalry
31:53 Husbandry
32:08 Bracer
36:15 Gold Mining
38:22 Chemistry
42:24 Padded Archer Armor
44:32 Wheelbarrow
43:34 Hussar
48:37 Heavy Camel Rider
50:11 Gold Shaft Mining
Chlupinek
6:00 Loom
11:11 Feudal Age
15:52 Castle Age
14:01 Double-Bit Axe
13:58 Horse Collar
22:53 Gold Mining
23:45 Bow Saw
24:16 Heavy Plow
25:04 Stone Mining
29:45 Imperial Age
28:09 Scale Mail Armor
28:13 Padded Archer Armor
29:09 Wheelbarrow
28:58 Caravan
29:22 Leather Archer Armor
31:28 Chemistry
30:59 Ring Archer Armor
32:14 Two-Man Saw
32:08 Masonry
32:27 Town Watch
34:33 Hand Cart
35:35 Fletching
36:17 Architecture
36:36 Bodkin Arrow
37:03 Ballistics
37:29 Conscription
37:27 Bracer
37:10 Treadmill Crane
38:28 Scale Mail Armor
38:39 Forging
38:35 Siege Engineers
38:55 Arquebus
38:28 Pikeman
38:53 Arson
38:59 Halberdier
39:58 Chain Mail Armor
40:18 Iron Casting
40:30 Crop Rotation
41:51 Plate Mail Armor
41:18 Murder Holes
46:01 Blast Furnace
Ro Ro Din Bat
0:58 Loom
10:29 Feudal Age
10:33 Man-at-Arms
15:31 Horse Collar
16:12 Fletching
19:39 Wheelbarrow
22:21 Castle Age
24:12 Hand Cart
25:00 Hand Cart
25:05 Double-Bit Axe
25:22 Heavy Plow
26:16 Bow Saw
26:07 Gold Mining
27:16 Redemption
31:28 Stone Mining
34:55 Imperial Age
32:41 Town Watch
34:09 Caravan
37:07 Chemistry
36:17 Padded Archer Armor
36:23 Scale Barding Armor
36:28 Forging
36:35 Svan Towers
36:51 Siege Engineers
36:11 Light Cavalry
37:01 Bloodlines
37:41 Fortified Wall
37:43 Masonry
36:59 Hussar
38:40 Guard Tower
39:13 Ballistics
39:48 Leather Archer Armor
39:54 Chain Barding Armor
42:04 Bodkin Arrow
43:05 Bracer
44:52 Keep
44:46 Husbandry
45:29 Arrowslits
46:21 Conscription
46:46 Leather Archer Armor
46:18 Onager
48:11 Siege Onager
49:58 Architecture
51:28 Siege Engineers
FunKinGGusTI
11:00 Feudal Age
15:17 Castle Age
14:16 Double-Bit Axe
14:30 Horse Collar
16:16 Bow Saw
22:01 Gold Mining
23:49 Heavy Plow
23:45 Stone Mining
26:30 Gold Shaft Mining
26:34 Masonry
29:27 Imperial Age
27:00 Scale Mail Armor
27:10 Forging
28:19 Coinage
27:58 Squires
27:43 Arson
28:57 Chain Mail Armor
29:17 Iron Casting
29:36 Capped Ram
29:38 Elite Varangian Guard
30:49 Plate Mail Armor
30:40 Conscription
30:31 Siege Ram
34:49 Blast Furnace
34:33 Fletching
35:05 Ballistics
34:54 Siege Engineers
35:12 Ballistics
35:55 Bogsveigar
35:58 Padded Archer Armor
36:59 Chemistry
36:15 Bodkin Arrow
36:53 Banking
36:26 Caravan
36:12 Crossbowman
37:09 Leather Archer Armor
36:43 Arbalester
37:48 Bracer
37:19 Elite Skirmisher
39:11 Banking
40:13 Masonry
39:43 Treadmill Crane
42:09 Ring Archer Armor
47:30 Architecture
OneTrickPony
1:08 Loom
12:12 Feudal Age
15:04 Double-Bit Axe
19:56 Castle Age
18:11 Horse Collar
20:49 Bow Saw
21:03 Fletching
25:35 Wheelbarrow
25:38 Gold Mining
26:12 Heavy Plow
31:25 Imperial Age
29:18 Scale Mail Armor
29:43 Scale Mail Armor
30:22 Forging
31:04 Hand Cart
30:37 Town Watch
31:31 Chain Mail Armor
32:17 Iron Casting
32:29 Conscription
32:14 Squires
34:24 Plate Mail Armor
34:37 Scale Barding Armor
34:34 Farimba
34:35 Light Cavalry
35:26 Bloodlines
35:45 Husbandry
37:01 Chain Barding Armor
36:36 Heavy Camel Rider
38:20 Plate Barding Armor
44:44 Cavalier
45:25 Cavalier
47:34 Caravan
51:07 Elite Gbeto
_vishi_
0:52 Loom
14:08 Feudal Age
19:57 Castle Age
18:02 Stone Mining
18:01 Double-Bit Axe
27:01 Wheelbarrow
26:47 Horse Collar
38:33 Imperial Age
36:44 Bow Saw
36:37 Heavy Plow
37:06 Hand Cart
36:46 Gold Mining
36:30 Pikeman
37:22 Scale Mail Armor
38:04 Squires
37:49 Arson
38:16 Forging
38:58 Stone Shaft Mining
39:11 Chain Mail Armor
39:04 Halberdier
40:34 Iron Casting
39:58 Onager
43:15 Chemistry
41:59 Siege Onager
44:14 Blast Furnace
45:17 Caravan
46:54 Plate Mail Armor
47:56 Two-Man Saw
47:53 Padded Archer Armor
47:43 Fletching
47:59 Scale Barding Armor
48:43 Fortified Wall
50:15 Conscription
52:44 Siege Engineers
Cadora
6:26 Loom
11:07 Feudal Age
15:36 Castle Age
13:49 Double-Bit Axe
15:11 Horse Collar
16:32 Scale Barding Armor
17:02 Bow Saw
19:58 Wheelbarrow
19:15 Pikeman
27:30 Hand Cart
28:21 Gold Mining
28:33 Heavy Plow
33:00 Imperial Age
30:22 Man-at-Arms
31:03 Squires
31:56 Gold Shaft Mining
32:14 Scale Mail Armor
32:25 Forging
32:19 Long Swordsman
33:15 Chain Mail Armor
33:05 Legionary
33:52 Capped Ram
35:08 Town Watch
36:00 Iron Casting
36:47 Siege Ram
38:08 Halberdier
39:10 Heavy Scorpion
42:39 Comitatenses
43:13 Ballistics
43:54 Chemistry
42:58 Elite Centurion
43:43 Ballistas
46:45 Caravan
47:54 Siege Engineers
Connection lost

Rejoining the realm…

Still unreachable

The connection could not be restored.

Session expired

The server has moved on; the page needs a fresh start.